Map: Newkirk Precinct TE (Void)

Players

Arctur

  • Race: Terran Terran
  • Spawn Location: 5:00

losira - Winner!

  • Race: Zerg Zerg
  • Spawn Location: 7:00

Event: IEM XI Katowice - World Championship 2017

VOD

Have the link to the VOD?

Description

Time

  • Played on: Feb. 28, 2017, 6:24 a.m.
  • Length: 10:59

All games in this series

Show
View Real Time Build Order
Export as new Build Order

Arctur Terran 

Build Orders: Reaper Expand, MMM Bio 

Get SALT Encoding   

  12  0:00  SCV  
  13  0:12  SCV  
  14  0:17  Supply Depot  
  14  0:24  SCV  
  15  0:39  SCV  
  15  0:40  Barracks  
  16  0:44  Refinery  
  16  0:51  SCV  
  17  1:03  SCV  
  18  1:15  SCV  
  19  1:28  Reaper, Orbital Command  
  20  1:42  Command Center  
  20  1:53  SCV  
  21  1:55  Supply Depot  
  21  1:59  Marine  
  22  2:05  Factory  
  22  2:09  SCV  
  23  2:21  SCV  
  23  2:22  Barracks Reactor  
  24  2:33  SCV  
  25  2:42  Command Center  
  25  2:45  SCV  
  26  2:55  Orbital Command  
  26  3:10  Hellion x2  
  26  3:11  SCV  
  31  3:13  Barracks Tech Lab  
  31  3:22  SCV  
  31  3:23  SCV  
  33  3:31  Hellion x2  
  33  3:33  Marine, Stimpack  
  38  3:36  SCV x2  
  39  3:48  SCV x2  
  41  3:55  Orbital Command  
  41  3:56  Barracks  
  41  4:00  Barracks  
  41  4:01  Marine, Factory Reactor  
  42  4:03  SCV x2  
  42  4:08  Bunker  
  42  4:09  Supply Depot  
  44  4:15  SCV x2  
  46  4:19  Marine  
  46  4:22  Refinery  
  47  4:27  SCV x2  
  47  4:31  SCV  
  50  4:37  Marine, Supply Depot  
  51  4:39  Supply Depot, SCV  
  51  4:45  SCV x2, Starport  
  54  4:46  Bunker, Factory Reactor  
  54  4:47  Marine, Bunker  
  54  4:49  Marine  
  55  4:54  Marine  
  55  4:55  Marine x2  
  55  4:56  SCV  
  55  4:58  Supply Depot, SCV  
  55  4:59  SCV  
  61  5:05  Marine  
  58  5:09  Marine  
  58  5:12  Marine x2  
  58  5:13  Marine  
  58  5:16  SCV  
  58  5:17  Engineering Bay, SCV  
  58  5:18  SCV, Engineering Bay  
  61  5:23  Marine  
  62  5:30  SCV x2  
  56  5:45  SCV  
  56  5:48  SCV x2  
  56  5:58  Marine x2  
  55  6:06  Combat Shields  
  55  6:07  Medivac x2  
  55  6:08  SCV x2  
  55  6:10  Refinery  
  61  6:13  Orbital Command  
  61  6:14  Marine x3  
  61  6:15  Marine  
  65  6:23  Missile Turret, Factory Reactor  
  65  6:24  Refinery, SCV  
  66  6:25  Marine  
  66  6:27  Missile Turret  
  66  6:28  SCV  
  66  6:31  Marine  
  69  6:32  Marine x2  
  69  6:37  SCV  
  72  6:41  Terran Infantry Armor Level 1  
  72  6:43  SCV x2  
  72  6:44  Supply Depot  
  72  6:45  Marine  
  75  6:49  Terran Infantry Weapons Level 1, SCV  
  76  6:55  SCV x2  
  76  6:57  Barracks  
  76  6:59  Barracks  
  76  7:01  Widow Mine, SCV  
  78  7:04  Liberator  
  78  7:07  SCV x2  
  82  7:10  Marine x4  
  82  7:13  SCV  
  82  7:14  Supply Depot  
  83  7:17  Supply Depot, Widow Mine  
  83  7:19  SCV x2  
  90  7:25  SCV  
  90  7:28  Marine x3  
  94  7:31  SCV x2  
  94  7:32  Widow Mine  
  98  7:37  SCV  
  98  7:38  Marine  
  98  7:43  SCV x2  
  102  7:48  Armory  
  102  7:49  Marine, SCV  
  102  7:50  Supply Depot, Barracks Reactor  
  102  7:51  Widow Mine, Barracks Reactor  
  104  7:55  SCV  
  104  7:57  Barracks  
  107  8:00  Barracks  
  107  8:01  Barracks  
  102  8:07  Widow Mine, Medivac x2  
  102  8:08  Marine  
  109  8:15  Marine  
  109  8:19  Widow Mine  
  110  8:23  Command Center  
  110  8:25  Marine  
  110  8:26  Marine x3  
  116  8:27  Marine x3  
  116  8:32  Supply Depot  
  119  8:36  Widow Mine  
  119  8:37  Medivac x2  
  125  8:51  Barracks Tech Lab x2  
  125  8:52  Barracks Tech Lab  
  125  8:53  Supply Depot, Widow Mine, Marine x2  
  125  8:54  Marauder  
  125  8:55  Supply Depot  
  131  8:56  Supply Depot  
  131  8:57  Supply Depot  
  131  9:02  Marine x2  
  133  9:07  Marine  
  133  9:14  Marine, Widow Mine  
  133  9:15  Marauder  
  138  9:20  SCV x3  
  138  9:21  Widow Mine  
  138  9:22  Marine x2  
  138  9:23  Medivac x2  
  146  9:24  Marine x2  
  146  9:25  Marine  
  146  9:28  Marine  
  146  9:29  Marauder  
  138  9:36  Marine, Marauder  
  138  9:41  Marine  
  138  9:42  Marine x3, Marauder x2  
  138  9:43  Widow Mine  
  147  9:50  Marine, Marauder  
  146  9:56  Marine  
  146  9:57  Marauder  
  144  10:02  Marine x3  
  144  10:03  Marine x3, Marauder  
  144  10:04  Marauder  
  154  10:08  Marine  
  154  10:11  Marine  
  154  10:14  Marine  
  143  10:18  Marine  
  143  10:20  Marine x3  
  143  10:21  Marine x3, Widow Mine x2  
  130  10:24  Marauder  
  130  10:25  Marauder  
  130  10:26  Marine  
  131  10:29  Marauder  
  131  10:32  Marine  
  120  10:36  Marine  
  120  10:38  Marine x3  
  120  10:40  Marine x2  
  120  10:41  Marine  
Show
View Real Time Build Order
Export as new Build Order

losira Zerg - Winner!

Build Orders: Hatch First, Muta Ling Bane 

Get SALT Encoding   

  12  0:00  Drone  
  13  0:08  Drone  
  14  0:15  Extractor, Drone  
  15  0:22  Overlord  
  15  0:45  Hatchery  
  15  0:49  Drone  
  15  0:53  Drone  
  15  0:56  Drone  
  17  1:00  Drone  
  18  1:04  Extractor  
  17  1:16  Spawning Pool  
  16  1:20  Drone  
  16  1:23  Drone  
  18  1:33  Drone  
  19  1:45  Drone  
  20  1:53  Drone  
  21  1:57  Drone  
  22  2:03  Queen x2  
  22  2:05  Metabolic Boost  
  22  2:08  Zergling x2  
  27  2:11  Zergling x2  
  28  2:16  Overlord  
  28  2:25  Overlord  
  28  2:28  Spore Crawler  
  27  2:30  Extractor  
  27  2:35  Drone  
  27  2:36  Drone  
  28  2:38  Drone  
  28  2:43  Queen  
  32  2:45  Drone  
  32  2:48  Drone  
  34  2:53  Pneumatized Carapace  
  34  3:01  Drone  
  34  3:03  Drone  
  34  3:04  Drone  
  36  3:10  Drone  
  36  3:11  Drone x2  
  39  3:13  Drone  
  39  3:15  Drone  
  41  3:20  Overlord  
  41  3:22  Drone  
  41  3:25  Drone  
  43  3:30  Overlord  
  43  3:32  Drone  
  44  3:38  Queen  
  44  3:40  Zergling x2  
  44  3:41  Zergling x2  
  48  3:43  Zergling x2  
  48  3:44  Zergling x2  
  48  3:46  Drone  
  48  3:48  Zergling x2  
  52  3:52  Extractor, Drone  
  52  3:53  Drone  
  52  3:54  Drone  
  54  3:57  Drone  
  54  4:02  Evolution Chamber  
  54  4:04  Baneling Nest  
  54  4:07  Zergling x4  
  55  4:14  Drone  
  55  4:15  Drone  
  57  4:17  Queen  
  57  4:20  Overlord  
  57  4:23  Overlord  
  59  4:26  Drone  
  59  4:31  Zerg Ground Armor Level 1  
  60  4:43  Hatchery  
  59  4:48  Overlord, Baneling x3  
  59  4:52  Baneling x2  
  59  4:53  Baneling  
  59  4:55  Drone x4  
  59  4:58  Drone  
  64  5:01  Queen  
  64  5:03  Zergling x2  
  64  5:06  Drone x2  
  69  5:08  Drone  
  69  5:13  Drone  
  69  5:14  Drone x2  
  69  5:15  Drone  
  69  5:18  Drone  
  73  5:25  Zergling x4  
  73  5:26  Overlord  
  73  5:27  Drone  
  76  5:33  Overlord  
  74  5:36  Lair  
  74  5:37  Zergling x2  
  74  5:38  Zergling x2, Extractor  
  74  5:44  Zergling x2  
  74  5:48  Drone x2  
  74  5:49  Drone x2  
  78  5:56  Overlord  
  78  5:59  Drone  
  78  6:01  Drone x3  
  78  6:02  Extractor  
  78  6:04  Queen  
  80  6:09  Drone x2  
  84  6:13  Extractor  
  84  6:14  Extractor  
  84  6:15  Drone  
  83  6:19  Drone x4  
  83  6:21  Drone  
  83  6:23  Zergling x2  
  83  6:24  Zergling x2, Hatchery  
  83  6:25  Zerg Melee Weapons Level 1  
  89  6:27  Zergling x4  
  89  6:29  Drone x2  
  89  6:30  Baneling  
  89  6:31  Baneling x4  
  93  6:32  Baneling  
  93  6:39  Drone  
  95  6:40  Drone  
  95  6:43  Centrifical Hooks  
  95  6:44  Zergling x2  
  95  6:45  Zergling x8  
  100  6:51  Spire  
  99  6:54  Zergling x2  
  99  6:55  Baneling x8  
  99  6:57  Zergling x2  
  99  6:58  Zergling x2  
  99  6:59  Overseer  
  99  7:01  Zergling x2  
  103  7:03  Zergling x4  
  103  7:07  Zergling x2  
  104  7:11  Drone x7  
  104  7:13  Drone  
  104  7:14  Drone  
  112  7:18  Drone  
  112  7:19  Zergling x2  
  112  7:22  Drone  
  114  7:23  Overlord  
  114  7:24  Overlord  
  114  7:25  Overlord  
  114  7:28  Overlord  
  114  7:31  Spore Crawler, Baneling x3  
  114  7:33  Zergling x2  
  114  7:34  Overlord  
  114  7:36  Overlord  
  114  7:39  Zergling x4  
  114  7:42  Zergling x6  
  119  7:44  Zergling x2, Evolution Chamber  
  119  7:45  Zergling x2  
  119  7:46  Zergling x4  
  122  7:59  Zergling x2  
  122  8:00  Overlord  
  122  8:01  Queen  
  122  8:03  Overlord  
  114  8:06  Overlord  
  114  8:08  Zerg Flyer Armor Level 1, Mutalisk x2  
  114  8:09  Mutalisk x4  
  114  8:11  Mutalisk  
  127  8:14  Mutalisk x2  
  127  8:16  Baneling  
  127  8:17  Baneling x3  
  127  8:18  Mutalisk  
  133  8:25  Mutalisk x2  
  137  8:27  Zergling x8  
  137  8:29  Zergling x6  
  144  8:35  Infestation Pit, Baneling  
  144  8:36  Extractor  
  144  8:39  Zergling x2  
  144  8:40  Zergling x10  
  148  8:42  Drone  
  149  8:54  Hatchery, Baneling x8  
  144  8:56  Drone  
  145  9:04  Baneling x3  
  145  9:05  Overlord  
  145  9:08  Overlord  
  144  9:10  Drone  
  144  9:11  Drone x2  
  144  9:13  Zergling x2  
  146  9:18  Hive  
  146  9:21  Drone x2  
  146  9:22  Zergling x8  
  146  9:23  Zergling x8  
  144  9:28  Drone x2  
  143  9:33  Mutalisk x4  
  143  9:35  Baneling x3  
  143  9:37  Zergling x2  
  143  9:38  Zergling x2  
  151  9:46  Zergling x14  
  151  9:49  Zergling x2  
  151  9:52  Zergling x2  
  160  10:03  Baneling x18  
  160  10:05  Zergling x12  
  166  10:10  Zergling x2  
  166  10:11  Zergling x8  
  166  10:16  Zergling x10  
  164  10:21  Zergling x2  
  164  10:22  Zergling x6  
  160  10:31  Mutalisk x5  
  160  10:35  Zergling x8  
  163  10:36  Zergling x2  
  163  10:40  Zergling x2  
  163  10:41  Zergling x6  

Tags
 
Add a new tag
Caveats
  • Supply blocks, unpowered buildings, or Contaminate may cause inaccurate times.
  • Supply counts are checked every 10 seconds.